 Dungeon Crawl Stone Soup version 0.15.1-1-gfacfea3 (webtiles) character file.

28 keaton the Caller (level 3, 16/20 HPs)
             Began as a Tengu Summoner on Sept 22, 2014.
             Quit the game on Level 1 of the Dungeon.
             The game lasted 00:07:14 (557 turns).

keaton the Caller (Tengu Summoner)                   Turns: 557, Time: 00:07:14

HP  16/20        AC  7     Str  8      XL: 3   Next: 14%
MP   6/7         EV 13     Int 16      God:
Gold 11          SH  0     Dex 14      Spells:  3 memorised,  0 levels left

rFire  . . .     SeeInvis .     d - +0 mace (protect)
rCold  . . .     Clarity  .     a - +0 robe
rNeg   . . .     rCorr    .     (no shield)
rPois  .         rRot     .     (helmet restricted)
rElec  .         Spirit   .     (no cloak)
SustAb .         Warding  .     (no gloves)
rMut   .         Stasis   .     (boots unavailable)
Gourm  .                        (no amulet)
MR     .....                    (no ring)
                                (no ring)

@: not resistant to hostile enchantments, unstealthy
A: beak, talons 3
a: no special abilities


You were on level 1 of the Dungeon.
You were not hungry.

You visited 1 branch of the dungeon, and saw 1 of its levels.

You collected 11 gold pieces.

Inventory:

Hand weapons
 d - a +0 mace of protection (weapon)
Armour
 a - a +0 robe (worn)
Comestibles
 c - 2 bread rations
 g - a meat ration
Scrolls
 e - 3 scrolls of identify {unknown}
 f - a scroll of enchant armour {unknown}
Potions
 h - a potion of flight {unknown}
 i - a potion of curing {unknown}
Books
 b - a book of Callings

   Spells                             Type                      Level
   *Summon Small Mammal               Summoning                    1
   *Call Imp                          Summoning                    2
   *Call Canine Familiar              Summoning                    3
   Summon Guardian Golem              Hexes/Summoning              4
   Summon Lightning Spire             Summoning/Air                4
   Summon Ice Beast                   Ice/Summoning                4


   Skills:
 * Level 0.8 Fighting
 * Level 0.7 Maces & Flails
 + Level 2.5 Dodging
 + Level 2.1 Stealth
 + Level 2.1 Spellcasting
 + Level 5.2 Summonings


You couldn't memorise any spells.
You knew the following spells:

 Your Spells              Type           Power        Failure   Level  Hunger
a - Summon Small Mammal   Summ           ###.         2%          1    #......
b - Call Imp              Summ           ###.....     4%          2    ###....
c - Call Canine Familiar  Summ           ###.....     10%         3    ####...


Dungeon Overview and Level Annotations

Branches:
Dungeon (1/15)

Altars:


Innate Abilities, Weirdness & Mutations

You have a beak for a mouth.
You have claws for feet.


Message History

Your bat misses the bat.
Your bat hits the bat but does no damage.
The bat misses your bat.
Your bat hits the bat. The bat closely misses your bat.
You see here a bread ration.
Your bat closely misses the bat.
The bat closely misses your bat.
Your bat hits the bat but does no damage.
The bat closely misses your quokka.
Your quokka barely misses the bat.
You see here a mace.
Your bat hits the bat.
The bat dies!
The hobgoblin hits you but does no damage.
Found an escape hatch in the floor.
You barely miss the hobgoblin. You claw the hobgoblin.
The hobgoblin is severely wounded.
Your bat hits the hobgoblin but does no damage.
Your quokka bites the hobgoblin.
The hobgoblin dies!
Your magical contamination has completely faded away.
Are you sure you want to abandon this character and quit the game? (Confirm with "yes".)

.....# #.. #....# ###
#....# # #....# #+# #
#....#######.... ### #
#.........[..... #.. #
#............. #.# #
#.)........>.# #.####
#%)..b@......#####.....
#..((r.......+.....####
#.)..........#####'###
########.%..........#
#....#
....................#
#....#
....................
#....#
....................
#....#
...................
#....##
.................
#......


You could see a friendly quokka and a friendly bat.

Vanquished Creatures
  A ball python (D:1)
  A goblin (D:1)
  3 hobgoblins (D:1)
  2 jackals (D:1)
  2 bats (D:1)
  5 giant cockroaches (D:1)
  3 kobolds (D:1)
  A quokka (D:1)
  8 rats (D:1)
26 creatures vanquished.

Vanquished Creatures (collateral kills)
  A bat (D:1)
  A hobgoblin (D:1)
  2 jackals (D:1)
  A rat (D:1)
5 creatures vanquished.

Vanquished Creatures (others)
  2 bats (D:1)
  2 quokkas (D:1)
4 creatures vanquished.

Grand Total: 35 creatures vanquished

Notes
Turn   | Place    | Note
--------------------------------------------------------------
     0 | D:1      | keaton, the Tengu Summoner, began the quest for the Orb.
     0 | D:1      | Reached XP level 1. HP: 10/10 MP: 3/3
   106 | D:1      | Reached XP level 2. HP: 13/16 MP: 3/5
   123 | D:1      | Reached skill level 5 in Summonings
   497 | D:1      | Reached XP level 3. HP: 20/20 MP: 5/7
   503 | D:1      | Learned a level 2 spell: Call Imp
   507 | D:1      | Learned a level 3 spell: Call Canine Familiar
   557 | D:1      | Quit the game

Action                   || total
-------------------------++-------
Melee: Mace              ||    57
 Cast: Summon Small Mamm ||     9
 Stab: Sleeping          ||     4
       Distracted        ||     1
